 Dungeon Crawl Stone Soup version 0.28-a0-1117-g0bdd5ba030 (webtiles) character file.

Game seed: 4110436089148026599

90 SensoryNuts the Slasher (level 4, -2/34 HPs)
             Began as a Demonspawn Gladiator on Dec 11, 2021.
             Was an Initiate of Ru.
             Slain by a gnoll (4 damage)
             ... on level 3 of the Dungeon.
             The game lasted 00:02:38 (2602 turns).

SensoryNuts the Slasher (Demonspawn Gladiator)      Turns: 2602, Time: 00:02:39

Health: -2/34      AC:  4    Str: 16      XL:     4   Next: 32%
Magic:  4/4        EV: 12    Int:  9 (10) God:    Ru [......]
Gold:   131        SH:  0    Dex: 14      Spells: 3/3 levels left

rFire   . . .      SeeInvis .   g - +0 dagger (venom)
rCold   . . .      Faith    .   (no shield)
rNeg    . . .      Spirit   .   b - +0 leather armour
rPois   .          Reflect  .   c - +0 helmet
rElec   .          Harm     .   (no cloak)
rCorr   .          Rampage  .   (no gloves)
Will    .....                   (no boots)
Stlth   +.........              (no amulet)
HPRegen 0.11/turn               (no ring)
MPRegen 0.09/turn               (no ring)

@: about to teleport
A: claws 1, demonic magic 1
a: Renounce Religion, Sacrifice Drink, Sacrifice an Eye, Sacrifice Arcana,
Reject Sacrifices


You were on level 3 of the Dungeon.
You worshipped Ru.
Ru was noncommittal.
You visited 1 branch of the dungeon, and saw 3 of its levels.

You collected 131 gold pieces.

Inventory:

Hand Weapons
 a - a +0 long sword
 g - a +0 dagger of venom (weapon)
Missiles
 d - 3 throwing nets (quivered)
Armour
 b - a +0 leather armour (worn)
 c - a +0 helmet (worn)
Jewellery
 e - a ring of wizardry
 f - a ring of magical power
 h - a ring of see invisible
 m - a ring of flight
Scrolls
 i - 2 scrolls of identify
 j - a scroll of magic mapping {unknown}
 l - a scroll of enchant weapon
 n - a scroll of fog


   Skills:
 + Level 2.4 Fighting
 + Level 0.6(2.2) Short Blades
 + Level 3.4(3.5) Long Blades
 + Level 1.9 Throwing
 + Level 1.5 Armour
 + Level 3.1 Dodging


You had 3 spell levels left.
You didn't know any spells.
Your spell library contained the following spells:

 Spells                   Type           Power      Damage    Failure   Level
 Passwall                 Tmut/Erth      0%         N/A       58%         2
 Swiftness                Air            0%         N/A       83%         3


Dungeon Overview and Level Annotations

Branches:
Dungeon (3/15)

Altars:
Hepliaklqana
Ru

Shops:
D:2 [==[[


Innate Abilities, Weirdness & Mutations

You have sharp fingernails.
Spells you cast may paralyse adjacent enemies.


Message History

An orc comes into view. It is wielding a +0 trident.
The orc shouts!
You hear a shout!
The rat barely misses you.
The orc priest looks encouraged for a moment.
An orc comes into view. It is wielding a +0 falchion.
The goblin shouts!
You hit the rat but do no damage.
The rat is poisoned.
The rat barely misses you.
You hit the rat.
You kill the rat!
You hit the gnoll but do no damage.
The gnoll is poisoned.
The gnoll hits you but does no damage.
You closely miss the gnoll.
The orc priest calls down the wrath of Beogh upon you.
You barely resist.
An orc comes into view.
It is wielding a +1 short sword of protection.
An orc wizard comes into view. It is wielding a +0 dagger.
The orc wizard shouts!
You hit the gnoll.
The gnoll is lightly wounded.
The gnoll hits you with a +0 flail. The gnoll barely misses you.
The gnoll hits you with a +0 flail!
You hit the gnoll.
The gnoll is poisoned.
The gnoll is lightly wounded.
You hit the gnoll but do no damage.
The gnoll looks as sick as possible!
The gnoll is moderately wounded.
The gnoll hits you with a +0 flail!
An adder comes into view.
The gnoll misses you. The gnoll hits you with a +0 flail!
* * * LOW HITPOINT WARNING * * *
The orc hits you from afar with a +0 trident.
* * * LOW HITPOINT WARNING * * *
The adder bites you but does no damage.
You aren't carrying any potions.
You aren't carrying any potions.
You aren't carrying any potions.
As you read the scroll of teleportation, it crumbles to dust.
You feel strangely unstable. The gnoll barely misses you.
The gnoll hits you with a +0 whip.
You die...

#..###.####..#.#..#
###.................. .
....#..............# .S
#..#.#.####......##
...###..#.#>####.##.##.#
........................
..........######.##.....
......gg#.# #.##.####
..##.##@#.# #.##.#
.....ogS.........##.#
...#..go#.##### #.
#._.o.... #...o.####
####.## .o# ...


You could see an orc priest, an orc wizard, 3 gnolls, 2 adders, 3 orcs and a
goblin.

Vanquished Creatures
  3 adders (D:2)
  2 worms
  5 dart slugs
  5 bats
  An endoplasm (D:1)
  4 giant cockroaches
  3 goblins
  8 hobgoblins
  2 kobolds
  A quokka (D:2)
  3 ball pythons
  5 frilled lizards
  4 rats
46 creatures vanquished.

Notes
Turn   | Place    | Note
-------+----------+-------------------------------------------
     0 | D:1      | SensoryNuts the Demonspawn Gladiator began the quest for
                  | the Orb.
     0 | D:1      | Reached XP level 1. HP: 16/16 MP: 1/1
   357 | D:1      | Gained mutation: Spells you cast may paralyse adjacent
                  | enemies. [demonic ancestry]
   357 | D:1      | Reached XP level 2. HP: 16/22 MP: 2/2
   781 | D:1      | Found a faded altar of an unknown god.
   796 | D:1      | Prayed at the altar of an unknown god.
   796 | D:1      | Became a worshipper of Ru the Awakened
  1031 | D:1      | Reached XP level 3. HP: 28/28 MP: 3/3
  1390 | D:2      | Found Upsimuops's Antique Armour Emporium.
  1410 | D:2      | Reached skill level 1 in Armour
  1440 | D:2      | Found Quqoahidu's Jewellery Shop.
  1440 | D:2      | Found Vanakollau's Jewellery Shoppe.
  1706 | D:2      | Found Seyllo's Antique Armour Shoppe.
  1802 | D:2      | Gained mutation: You have sharp fingernails. [demonic
                  | ancestry]
  1802 | D:2      | Reached XP level 4. HP: 31/34 MP: 4/4
  1971 | D:2      | Found Jiolumi's Antique Armour Shop.
  2591 | D:3      | Found a hazy altar of Hepliaklqana.
  2602 | D:3      | Slain by a gnoll

Illustrated notes

Levels and vault maps discovered:
D:1:      dpeg_arrival_another_circle, layout_loops_ring,
          ebering_ecumenical_altar_box
D:2:      layout_loops_ring, serial_shops, nicolae_shop_waterfront,
          nicolae_square_shop, shop_coins, nicolae_shop_crystal, shop
D:3:      layout_loops_ring, mainiacjoe_overflow_chevrons

Skill      XL: |  1  2  3 |
---------------+----------+-----
Dodging        | 3 |  3.1
Long Blades    | 3 |  3.4
Armour         | 1 |  1.5
Fighting       | |  2.4
Short Blades   | |  0.6
Throwing       | |  1.9

Action                   |  1- 3 |  4- 6 || total
-------------------------+-------+-------++-------
Melee: Long sword        |    28 |       ||    28
       Dagger            |    85 |    44 ||   129
  Use: Scroll            |     3 |     1 ||     4
       Potion            |     3 |       ||     3
 Stab: Sleeping          |     2 |     1 ||     3
Armor: Leather armour    |    27 |     9 ||    36
Dodge: Dodged            |    67 |    20 ||    87

Table legend: (Time is in decaauts)
 A = Elapsed time spent in this place.
 B = Non-inter-level travel time spent in this place.
 C = Inter-level travel time spent in this place.
 D = Time resting spent in this place.
 E = Time spent auto-exploring this place.
 F = Levels seen in this place.
 G = Mean time per level.
                   A        B        C        D        E       F      G
               +--------+--------+--------+--------+--------+-----+--------+
         Total |   2595 |   2595 |      0 |      0 |   2198 |   3 |  865.0 |
       Dungeon |   2595 |   2595 |      0 |      0 |   2198 |   3 |  865.0 |
               +--------+--------+--------+--------+--------+-----+--------+

Top non-repeatable levels by time:
     D:1: 1392 daAuts
     D:2: 922 daAuts
     D:3: 280 daAuts
